 Dungeon Crawl Stone Soup version 0.30-a0-141-g30f27751c5 (webtiles) character file.

Game seed: 14691880112146632017

240 qw the Chopper (level 6, 0/38 HPs)
             Began as a Gargoyle Fighter on Sept 25, 2022.
             Slain by an orc wizard
             ... wielding a +0 dagger
              (2 damage)
             ... on level 4 of the Dungeon.
             The game lasted 00:01:14 (3157 turns).

qw the Chopper (Gargoyle Fighter)                   Turns: 3157, Time: 00:01:15

Health: 0/38       AC: 11    Str: 21      XL:     6   Next: 8%
Magic:  6/6        EV:  9    Int:  9      God:
Gold:   210        SH:  0    Dex:  7 (9)  Spells: 5/5 levels left

rFire   . . .      SeeInvis .    Y - +0 war axe
rCold   . . .      Faith    .    c - +0 buckler
rNeg    + . .      Spirit   .    b - +0 scale mail
rPois   inf        Reflect  +    (no helmet)
rElec   +          Harm     .    (no cloak)
rCorr   .          Rampage  .    (no gloves)
Will    .....                    (no boots)
Stlth   ..........               i - amulet of reflection
HPRegen 0.12/turn                (no ring)
MPRegen 0.10/turn                (no ring)

@: confused
A: sickness immunity, AC +4, negative energy resistance 1, electricity
resistance, torment resistance 1, petrification resistance
a: no special abilities


You were on level 4 of the Dungeon.
You visited 1 branch of the dungeon, and saw 4 of its levels.

You collected 210 gold pieces.


Innate Abilities, Weirdness & Mutations

You are immune to sickness and miasma.
Your stone body is resilient. (AC +4)
You are immune to poison.
You resist negative energy. (rN+)
You are resistant to electric shocks. (rElec)
You are resistant to unholy torment.
You are immune to petrification.


   Skills:
 - Level 4.2 Fighting
 + Level 5.1 Axes
 - Level 3.2 Armour
 - Level 3.2 Shields


You had 5 spell levels left.
You didn't know any spells.
Your spell library was empty.

Inventory:

Hand Weapons
 e - a +0 whip
 Y - a +0 war axe (weapon)
Armour
 b - a +0 scale mail (worn)
 c - a +0 buckler (worn)
Jewellery
 a - the ring of Greed {Fire Int+4}
   (You found it on level 3 of the Dungeon)

   [ring of fire]

   It enhances your fire magic.
   Int:       It affects your intelligence (+4).
   rF:        It protects you from fire.
   rC:        It makes you vulnerable to cold.
 i - an amulet of reflection (around neck)
Scrolls
 g - a scroll of enchant armour
 h - 3 scrolls of identify
Potions
 d - a potion of might
 f - a potion of attraction

Dungeon Overview and Level Annotations

Branches:
Dungeon (4/15)
 Temple: D:4-7

Altars:


Message History

You block something's attack. Something completely misses you.
Something hits you but does no damage. Something hits you.
You miss something. You closely miss something. x3
You block something's attack. Something hits you but does no damage.
Something hits you.
Something hits you but does no damage. x4
You hear some strange, mumbled words.
You are confused.
You're too confused to attack without stumbling around!
There is a strange disturbance nearby!
You hear some strange, mumbled words.
You are more confused.
Something hits you but does no damage. x3
You're too confused to attack without stumbling around!
There is a strange disturbance nearby!
Something hits you but does no damage. x3; Something hits you.
You're too confused to attack without stumbling around!
There is a strange disturbance nearby!
Something hits you but does no damage.
You hear some strange, mumbled words.
Something tries to affect you, but you resist.
Something hits you but does no damage. x2
You're too confused to attack without stumbling around!
There is a strange disturbance nearby!
Something completely misses you. Something hits you.
Something hits you but does no damage. Something hits you.
You're too confused to attack without stumbling around!
There is a strange disturbance nearby!
You hear some strange, mumbled words.
Something tries to affect you, but you resist.
Something hits you. Something hits you but does no damage. Something hits you.
You're too confused to attack without stumbling around!
There is a strange disturbance nearby!
Something hits you but does no damage. x2; Something hits you. x2
You're too confused to attack without stumbling around!
There is a strange disturbance nearby!
Something hits you but does no damage. x2
You hear some strange, mumbled words.
You are more confused.
Something hits you.
You die...

###### #....# #....#
#..{{## #..{@{##
#..###..## #.K.'o#...##
..###o###..###
.#..:o.#....#
.###.###....#
#...#.#.....###########
##..###..#.)#....#.##.#
#.......#....#........


There were no monsters in sight!

Vanquished Creatures
  A water moccasin (D:3)
  An orc wizard (D:4)
  2 adders
  A worm (D:4)
  2 dart slugs
  3 orcs (D:3)
  9 endoplasms
  2 giant cockroaches (D:1)
  6 goblins
  5 hobgoblins
  8 jackals
  A quokka (D:1)
  5 ball pythons
  4 bats
  6 frilled lizards
  10 kobolds
  8 rats
74 creatures vanquished.

Notes
Turn   | Place    | Note
-------+----------+-------------------------------------------
     0 | D:1      | qw the Gargoyle Fighter began the quest for the Orb.
     0 | D:1      | Reached XP level 1. HP: 14/14 MP: 1/1
     0 | D:1      | 0 ||| qw: Version: 0.2-a-10-g399e6c4
     0 | D:1      | 0 ||| qw: Game counter: 254
     0 | D:1      | 0 ||| qw: Always use a shield: true
     0 | D:1      | 0 ||| qw: God list: Okawaru
     0 | D:1      | 0 ||| qw: Allow faded altars: false
     0 | D:1      | 0 ||| qw: Do Orc after D:15 true
     0 | D:1      | 0 ||| qw: Do second Lair branch before Depths: true
     0 | D:1      | 0 ||| qw: Lair rune preference: random
     0 | D:1      | 0 ||| qw: Plans: Normal, Zot:1-4, God:TSO, Crypt, Tomb,
                  | Pan, Slime:5, Hells, Abyss, Orb
     0 | D:1      | 0 ||| PLANNING D:1-11
    80 | D:1      | Reached skill level 2 in Axes
   230 | D:1      | 230 ||| Stepping ~*~*~tactically~*~*~ (stealth).
   232 | D:1      | Reached XP level 2. HP: 19/19 MP: 2/2
   238 | D:1      | 238 ||| Stepping ~*~*~tactically~*~*~ (stealth).
   442 | D:1      | Reached skill level 3 in Axes
   710 | D:1      | Reached XP level 3. HP: 23/23 MP: 3/3
   741 | D:1      | 741 ||| UPGRADING to amulet of reflection.
   746 | D:1      | 746 ||| READING 2 scrolls labelled EPEREREODY.
   747 | D:1      | 747 ||| READING 2 scrolls labelled ONINOL QIA.
   748 | D:1      | 748 ||| READING 2 scrolls labelled IJOIPS DIERENK.
   749 | D:1      | 749 ||| DROPPING scroll of immolation.
   750 | D:1      | 750 ||| DROPPING scroll of fog.
   777 | D:2      | 777 ||| STAIRDANCE
   790 | D:2      | 790 ||| STAIRDANCE
   795 | D:2      | 795 ||| STAIRDANCE
   858 | D:2      | 858 ||| STAIRDANCE
   989 | D:2      | 989 ||| FLEEEEING.
   990 | D:2      | 990 ||| FLEEEEING.
  1043 | D:2      | 1043 ||| Stepping ~*~*~tactically~*~*~ (stealth).
  1160 | D:2      | 1160 ||| Stepping ~*~*~tactically~*~*~ (stealth).
  1180 | D:2      | Found a faded altar of an unknown god.
  1343 | D:2      | Reached XP level 4. HP: 28/28 MP: 4/4
  1668 | D:2      | 1668 ||| READING scroll labelled ROTUTZ XIRUKU.
  1669 | D:2      | 1669 ||| READING 3 scrolls labelled VACZAT VELOHIO.
  1670 | D:2      | 1670 ||| READING scroll labelled HUHUIS AKLIB.
  1675 | D:2      | 1675 ||| READING scroll labelled IZERRA KEUKU.
  1676 | D:2      | 1676 ||| READING scroll labelled IMIM XOR IKUA.
  1677 | D:2      | 1677 ||| DRINKING 2 viscous purple potions.
  1678 | D:2      | 1678 ||| DRINKING 2 metallic green potions.
  1783 | D:2      | 1783 ||| READING 3 scrolls of identify.
  1783 | D:2      | 1783 ||| IDENTIFYING murky puce potion
  1784 | D:2      | 1784 ||| DROPPING potion of invisibility.
  1785 | D:2      | 1785 ||| DROPPING potion of degeneration.
  1786 | D:2      | 1786 ||| DROPPING potion of berserk rage.
  1787 | D:2      | 1787 ||| DROPPING 2 scrolls of amnesia.
  1832 | D:3      | Identified the ring of Greed {Fire Int+4}
  2009 | D:3      | Noticed a water moccasin
  2013 | D:3      | Reached skill level 4 in Axes
  2029 | D:3      | Killed a water moccasin
  2030 | D:3      | Reached skill level 5 in Axes
  2030 | D:3      | Reached XP level 5. HP: 15/32 MP: 5/5
  2602 | D:3      | 2602 ||| DROPPING +0 club.
  2608 | D:3      | 2608 ||| Stepping ~*~*~tactically~*~*~ (hiding).
  3135 | D:4      | 3135 ||| READING scroll labelled TONOSM SEMERA.
  3136 | D:4      | 3136 ||| READING 4 scrolls of identify.
  3136 | D:4      | 3136 ||| IDENTIFYING ruby potion
  3137 | D:4      | 3137 ||| Stepping ~*~*~tactically~*~*~ (hiding).
  3142 | D:4      | Reached XP level 6. HP: 23/38 MP: 6/6
  3154 | D:4      | HP: 9/38 [something (2)]
  3156 | D:4      | HP: 3/38 [something (3)]
  3157 | D:4      | Slain by an orc wizard

Levels and vault maps discovered:
D:1:      amcnicky_arrival_double_pillar, layout_rooms, serial_aquarium,
          aquarium_bridge_straight [aquarium_subvault_bridge,
          aquarium_subvault_window, aquarium_subvault_bridge,
          aquarium_subvault_wall], aquarium_window_1, aquarium_window_1,
          aquarium_view_2b, minmay_tromino_v4_b
D:2:      layout_loops_cross, ebering_ecumenical_altar_abandoned
D:3:      layout_loops_ring, wad_floor_pattern_untrapped
D:4:      layout_gridville, minmay_a_box_with_orc_wizards_in_it

Skill      XL: |  1  2  3  4  5 |
---------------+----------------+-----
Axes           | 2 3 5 |  5.1
Fighting       | 4 |  4.2
Armour         | |  3.2
Shields        | |  3.2

Action                   |  1- 3 |  4- 6 || total
-------------------------+-------+-------++-------
Melee: War axe           |   110 |   117 ||   227
  Use: Scroll            |     3 |     8 ||    11
       Potion            |       |     2 ||     2
Armor: Scale mail        |    48 |    81 ||   129
Dodge: Dodged            |    55 |    45 ||   100
Block: Buckler           |    34 |    47 ||    81
       Reflection        |       |     2 ||     2

Table legend:
 A = Non-vault XP
 B = Vault XP
 C = Vault XP percentage of total XP
 D = Non-vault monster count
 E = Vault monster count
 F = Vault count percentage of total count
                 A         B        C        D         E       F
            +---------+---------+-------+---------+---------+-------
      Total |     307 |      37 |  10.8 |      72 |       2 |   2.7
            +---------+---------+-------+---------+---------+-------
        D:1 |      39 |       2 |   4.9 |      24 |       1 |   4.0
        D:2 |      43 |       0 |   0.0 |      18 |       0 |   0.0
        D:3 |     199 |       0 |   0.0 |      23 |       0 |   0.0
        D:4 |      26 |      35 |  57.4 |       7 |       1 |  12.5
            +---------+---------+-------+---------+---------+-------
